 Dungeon Crawl Stone Soup version 0.29-a0-813-g4a14ea37d6 (webtiles) character file.

Game seed: 18414474173723988331

8592 Turgor the Destroyer (level 11, 0/99 HPs)
             Began as a Yellow Draconian Conjurer on July 4, 2022.
             Was an Elder of Ashenzari.
             Slain by a freezing wraith (6 damage)
             ... on level 9 of the Dungeon.
             The game lasted 01:16:19 (8995 turns).

Turgor the Destroyer (Yellow Draconian Conjurer)    Turns: 8995, Time: 01:16:20

Health: 0/99       AC: 11    Str: 10    XL:     11   Next: 11%
Magic:  17/25      EV: 13    Int: 22    God:    Ashenzari [****..]
Gold:   595        SH:  0    Dex: 10    Spells: 10/31 levels left

rFire   . . .      SeeInvis +   L - +1 hand axe (freeze)
rCold   . . .      Faith    .   (no shield)
rNeg    + . .      Spirit   .   (body armour unavailable)
rPois   .          Reflect  .   y - +1 hat of the Clairvoyant Gloom {Melee, Cun} (curse)
rElec   .          Harm     .   D - +0 cloak of Ashenzari's Prison {Evo, Fort} (curse)
rCorr   +          Rampage  .   o - +0 pair of gloves of the Eternal Augur {Comp, Range} (curse)
Will    .....      Clarity  +   E - +0 pair of boots "Circumscribed Together" {Melee, Elem} (curse)
Stlth   +++.......              g - amulet of the Lashed Augur {RegenMP, Cun, Self} (curse)
HPRegen 0.26/turn               H - ring "Servitude of Ashenzari" {rN+, Self, Comp} (curse)
MPRegen 0.59/turn               (no ring)

@: on blink cooldown, slowed, very slow
A: spit acid, AC +7, unfitting armour, cold-blooded, acid resistance
a: Breathe Acid, Renounce Religion, Shatter the Chains


You were on level 9 of the Dungeon.
You worshipped Ashenzari.
Ashenzari was greatly pleased with you.
You visited 1 branch of the dungeon, and saw 9 of its levels.

You collected 595 gold pieces.

Inventory:

Hand Weapons
 L - a +1 hand axe of freezing (weapon)
Missiles
 c - 6 javelins
 p - 36 poisoned darts
Armour
 o - the cursed +0 pair of gloves of the Eternal Augur (worn) {Comp, Range}
   (You found it on level 2 of the Dungeon)

   It has a curse which improves the following skills: Companions: Summonings
   and Necromancy.
   Ranged Combat: Ranged Weapons and Throwing.
 x - a +0 pair of gloves
 y - the cursed +1 hat of the Clairvoyant Gloom (worn) {Melee, Cun}
   (You found it on level 4 of the Dungeon)

   It has a curse which improves the following skills: Melee Combat: Short
   Blades, Long Blades, Axes, Maces & Flails, Polearms, Staves and Unarmed
   Combat.
   Cunning:   Dodging and Stealth.
 D - the cursed +0 cloak of Ashenzari's Prison (worn) {Evo, Fort}
   (You found it on level 6 of the Dungeon)

   It has a curse which improves the following skills: Evocations: Evocations.
   Fortitude: Shields.
 E - the cursed +0 pair of boots "Circumscribed Together" (worn) {Melee, Elem}
   (You found it on level 6 of the Dungeon)

   It has a curse which improves the following skills: Melee Combat: Short
   Blades, Long Blades, Axes, Maces & Flails, Polearms, Staves and Unarmed
   Combat.
   Elements:  Fire Magic, Ice Magic, Air Magic and Earth Magic.
Jewellery
 g - the cursed amulet of the Lashed Augur (around neck) {RegenMP, Cun, Self}
   (You found it on level 1 of the Dungeon)

   [amulet of magic regeneration]

   It increases your rate of magic regeneration.
   It has a curse which improves the following skills: Cunning: Dodging and
   Stealth.
   Introspection: Fighting and Spellcasting.
 r - an amulet of regeneration
 v - an amulet of guardian spirit
 H - the cursed ring "Servitude of Ashenzari" (left hand) {rN+, Self, Comp}
   (You found it on level 6 of the Dungeon)

   [ring of positive energy]

   rN:        It protects you from negative energy.
   It has a curse which improves the following skills: Introspection: Fighting
   and Spellcasting.
   Companions: Summonings and Necromancy.
Wands
 C - a wand of flame (45)
 I - a wand of mindburst (21)
 J - a wand of polymorph (10)
 K - a wand of iceblast (8)
Scrolls
 d - a scroll of teleportation
 e - 3 scrolls of enchant armour
 f - a scroll of fog
 h - 2 scrolls of silence
 i - 2 scrolls of vulnerability
 k - a scroll of fear
 l - a scroll of summoning
 s - 2 scrolls of enchant weapon
 t - 4 scrolls of poison
 u - a scroll of immolation
 A - 2 scrolls of blinking
 F - a scroll of magic mapping
Potions
 a - a potion of magic
 j - 2 potions of heal wounds
 m - 4 potions of curing
 n - a potion of cancellation
 q - 3 potions of haste
 w - 3 potions of brilliance
 z - 2 potions of resistance
 B - 2 potions of lignification
 G - 2 potions of might
 M - 2 potions of attraction


   Skills:
 + Level 6.7(9.7) Fighting
 + Level 5.9(8.9) Axes
 - Level 3.3(5.9) Dodging
 - Level 3.4(6.0) Stealth
 + Level 7.7(10.7) Spellcasting
 - Level 9.0 Conjurations
 + Level 3.6 Hexes
 * Level 3.7(6.3) Necromancy
 + Level 5.0 Translocations
 * Level 3.7(5.5) Earth Magic


You had 10 spell levels left.
You knew the following spells:

 Your Spells              Type           Power      Damage    Failure   Level
a - Magic Dart            Conj           100%       1d8       1%          1
b - Searing Ray           Conj           100%       2d8       1%          2
c - Foxfire               Conj/Fire      100%       2x1d9     1%          1
d - Blink                 Tloc           68%        N/A       1%          2
e - Iskenderun's Mystic   Conj/Tloc      42%        2d10      3%          4
f - Fulminant Prism       Conj/Hex       19%        3d11      4%          4
g - Sublimation of Blood  Necr           39%        N/A       1%          2
h - Borgnjor's Vile Clut  Necr/Erth      19%        N/A       14%         5

Your spell library contained the following spells:

 Spells                   Type           Power      Damage    Failure   Level
 Shock                    Conj/Air       100%       1d9       1%          1
 Dazzling Flash           Conj/Hex       78%        N/A       1%          3
 Gell's Gravitas          Tloc           34%        N/A       1%          3
 Lesser Beckoning         Tloc           34%        N/A       1%          3
 Teleport Other           Tloc           34%        N/A       1%          3
 Conjure Flame            Conj/Fire      32%        6-21      2%          3
 Freeze                   Ice            48%        1d7       4%          1
 Animate Dead             Necr           39%        N/A       4%          4
 Beastly Appendage        Tmut           22%        N/A       5%          1
 Inner Flame              Hex/Fire       20%        N/A       8%          3
 Wereblood                Tmut           11%        N/A       9%          2
 Flame Wave               Conj/Fire      32%        2d8       9%          4
 Hailstorm                Conj/Ice       32%        3d8       9%          4
 Frozen Ramparts          Ice            24%        1d4       16%         3
 Swiftness                Air            12%        N/A       16%         3
 Spider Form              Tmut/Pois      11%        N/A       17%         3
 Manifold Assault         Tloc           34%        N/A       19%         5
 Airstrike                Air            6%         0-3+      45%         4
 Death Channel            Necr           19%        N/A       54%         6
 Summon Hydra             Summ           6%         N/A       100%        7
 Chain Lightning          Conj/Air       16%        3d21      100%        9
 Fire Storm               Conj/Fire      16%        8d4       100%        9
 Shatter                  Erth           18%        3d17*     100%        9


Dungeon Overview and Level Annotations

Branches:
Dungeon (9/15)             Temple (0/1) D:5            Lair (0/6) D:8
    Orc: D:9-12

Altars:
Ashenzari
Dithmenos
Kikubaaqudgha
Trog
Uskayaw
Zin

Shops:
D:3 (   D:8 *


Innate Abilities, Weirdness & Mutations

You can spit globs of acid.
Your golden yellow scales are hard. (AC +7)
You cannot fit into any form of body armour.
You are cold-blooded and may be slowed by cold attacks.
You are resistant to acid. (rCorr)


Message History

You conjure a prism of explosive energy!
A fulminant prism comes into view.
The freezing wraith hits you but does no damage.
The freezing wraith completely misses you.
Casting: Fulminant Prism (dangerous; 4% risk of failure)
Confirm with . or Enter, or press ? or * to list all spells.
Okay, then.
Unknown command.
Aiming: Throw Flame
Press: ? - help, Shift-Dir - straight line, f - freezing wraith
Aim: a freezing wraith (heavily damaged, ally target, 68% to hit)
The puff of flame hits the freezing wraith but does no damage.
The freezing wraith is heavily damaged.
The freezing wraith hits you! The freezing wraith freezes you!
You feel as though you will be slow longer.
The freezing wraith hits you. The freezing wraith drains your vigour!
You feel as though you will be slow longer.
Your fulminant prism crackles loudly.
The freezing wraith hits you.
* * * LOW HITPOINT WARNING * * *
The freezing wraith freezes you!
You feel as though you will be slow longer.
* * * LOW HITPOINT WARNING * * *
The freezing wraith hits you.
* * * LOW HITPOINT WARNING * * *
The freezing wraith drains your vigour!
You feel as though you will be slow longer.
You feel much better.
Your fulminant prism explodes!
The blast of energy engulfs the freezing wraith!
The freezing wraith is severely damaged.
The freezing wraith hits you!
* * * LOW HITPOINT WARNING * * *
The freezing wraith freezes you!!
* * * LOW HITPOINT WARNING * * *
The freezing wraith completely misses you.
Casting: Fulminant Prism (dangerous; 4% risk of failure)
Confirm with . or Enter, or press ? or * to list all spells.
You blink.
The freezing wraith hits you.
You die...

#..........#,,,
,,
#..........#,
,,,,,
####'#<#+### ,,
,, ##.#.#.##**
* **,
###.###†## **
,, ###†#.††##**
, ##§......## {
,*
##.#W.....#,* ,
* ##...@†#.....
, *
#......#.### *
, *#..##..#.. ,
, *...........,
#.####..#.###
,, , #,,, ,.#
.# , * *,. .#
** , , *.. *.#
* * * , * ,,, ,
** * ,


You could see a freezing wraith.

Vanquished Creatures
  A very ugly thing (D:9)
  A skeletal warrior (D:9)
  Pikel (D:5)
  A manticore (D:9)
  An unseen horror (D:6)
  Maggie (D:8)
  A komodo dragon (D:8)
  A hornet (D:9)
  A yak (D:8)
  5 steam dragons
  3 water moccasins
  3 ice beasts
  3 orc warriors
  3 black bears
  A sky beast (D:7)
  3 wolves (D:9)
  A centaur (D:7)
  2 phantoms
  4 kobold brigands
  Blork the orc (D:6)
  6 bullfrogs
  A necrophage (D:6)
  6 scorpions
  6 wights
  12 killer bees (D:9)
  2 howler monkeys
  10 hounds
  A gnoll bouda (D:7)
  An orc priest (D:6)
  7 iguanas
  6 orc wizards
  A killer bee simulacrum (D:9)
  6 gnolls
  6 adders
  A shadow imp (D:6)
  2 white imps
  2 ufetubi
  A worm (D:4)
  2 dart slugs
  12 orcs
  5 ball pythons
  8 bats
  11 endoplasms
  3 giant cockroaches
  3 hobgoblins
  4 quokkas
  A frilled lizard (D:1)
  22 kobolds
  3 rats
  A fulminant prism (D:9)
190 creatures vanquished.

Vanquished Creatures (others)
  143 foxfires
  55 fulminant prisms
  2 fungi (D:8)
  6 plants
206 creatures vanquished.

Grand Total: 396 creatures vanquished

Notes
Turn   | Place    | Note
-------+----------+-------------------------------------------
     0 | D:1      | Turgor the Draconian Conjurer began the quest for the Orb.
     0 | D:1      | Reached XP level 1. HP: 14/14 MP: 3/3
    77 | D:1      | Found a faded altar of an unknown god.
    85 | D:1      | Prayed at the altar of an unknown god.
    85 | D:1      | Became a worshipper of Ashenzari the Shackled
   345 | D:1      | Reached XP level 2. HP: 22/22 MP: 5/5
  1158 | D:1      | Reached XP level 3. HP: 27/27 MP: 1/6
  1309 | D:1      | Reached * piety under Ashenzari
  1319 | D:1      | Reached skill level 1 in Fighting
  2132 | D:2      | Learned a level 2 spell: Searing Ray
  2134 | D:2      | Learned a level 1 spell: Foxfire
  2154 | D:2      | Reached ** piety under Ashenzari
  2615 | D:3      | Learned a level 2 spell: Blink
  2650 | D:3      | Reached XP level 4. HP: 36/36 MP: 7/9
  2658 | D:3      | Found Kotzamua's Weapon Shoppe.
  2803 | D:3      | Found a shadowy altar of Dithmenos.
  2803 | D:3      | Found a glowing silver altar of Zin.
  2976 | D:3      | Found a hide-covered altar of Uskayaw.
  3315 | D:3      | Found a bloodstained altar of Trog.
  3542 | D:4      | Noticed a phantom
  3548 | D:4      | Killed a phantom
  3549 | D:4      | Reached skill level 1 in Axes
  3549 | D:4      | Reached skill level 5 in Conjurations
  3549 | D:4      | Reached skill level 1 in Translocations
  3549 | D:4      | Reached XP level 5. HP: 45/45 MP: 11/11
  3780 | D:4      | Reached *** piety under Ashenzari
  3986 | D:4      | Reached XP level 6. HP: 51/51 MP: 10/13
  4378 | D:5      | Entered Level 5 of the Dungeon
  4378 | D:5      | Found an ancient bone altar of Kikubaaqudgha.
  4483 | D:5      | Noticed Pikel
  4551 | D:5      | Noticed an ice beast
  4572 | D:5      | Killed Pikel
  4573 | D:5      | Reached skill level 6 in Conjurations
  4573 | D:5      | Your scales start taking on a golden yellow colour.
  4573 | D:5      | Reached XP level 7. HP: 48/60 MP: 6/16
  4573 | D:5      | Gained mutation: You are resistant to acid. (rCorr) [Yellow
                  | Draconian growth]
  4724 | D:5      | Found a staircase to the Ecumenical Temple.
  4830 | D:5      | Reached skill level 5 in Spellcasting
  4830 | D:5      | Reached XP level 8. HP: 68/68 MP: 17/17
  5034 | D:6      | Noticed an unseen horror
  5158 | D:6      | Killed an unseen horror
  5159 | D:6      | Reached skill level 7 in Conjurations
  5425 | D:6      | Noticed Blork the orc
  5441 | D:6      | Killed Blork the orc
  5453 | D:6      | Reached XP level 9. HP: 75/77 MP: 14/20
  5733 | D:6      | Learned a level 4 spell: Iskenderun's Mystic Blast
  5738 | D:6      | Learned a level 4 spell: Fulminant Prism
  5741 | D:6      | Learned a level 2 spell: Sublimation of Blood
  5756 | D:6      | Found a broken altar of Ashenzari.
  6000 | D:6      | Reached skill level 5 in Fighting
  6052 | D:6      | Reached skill level 8 in Conjurations
  6135 | D:6      | Reached skill level 1 in Hexes
  6576 | D:7      | Reached skill level 5 in Axes
  6717 | D:7      | Reached XP level 10. HP: 75/86 MP: 18/22
  6868 | D:7      | Reached **** piety under Ashenzari
  7316 | D:8      | Found Geus Xae's Overcharged Wands.
  7336 | D:8      | Learned a level 5 spell: Borgnjor's Vile Clutch
  7432 | D:8      | Reached ***** piety under Ashenzari
  7602 | D:8      | Reached skill level 1 in Earth Magic
  7680 | D:8      | Reached skill level 1 in Necromancy
  7680 | D:8      | Noticed Maggie
  7694 | D:8      | Killed Maggie
  8193 | D:8      | Found a staircase to the Lair.
  8479 | D:9      | Reached skill level 9 in Conjurations
  8641 | D:9      | Noticed a skeletal warrior
  8663 | D:9      | Killed a skeletal warrior
  8707 | D:9      | Noticed a manticore
  8710 | D:9      | Noticed a white very ugly thing
  8714 | D:9      | Killed a manticore
  8725 | D:9      | Killed a green very ugly thing
  8726 | D:9      | Reached skill level 5 in Translocations
  8726 | D:9      | Reached XP level 11. HP: 69/99 MP: 5/25
  8995 | D:9      | Slain by a freezing wraith

Illustrated notes

Levels and vault maps discovered:
D:1:      minmay_arrival_diagonal_passages, layout_loops_corners,
          dreamdust_ecumenical_altar_angels_and_demons, serial_bayou_pond_c,
          minmay_box_of_dots
D:2:      layout_basic
D:3:      layout_loops_ring, lemuel_round_altar,
          gammafunk_temple_overflow_elements, lightli_temple_of_fire,
          serial_shops, nicolae_diamond_shop
D:4:      cheibrodos_helix_gallery, layout_basic
D:5:      layout_basic, mainiacjoe_overflow_boulevard,
          minmay_temple_entry_large_hall, uniq_pikel
D:6:      minmay_bubble_buster, layout_basic, marbit_many_paths,
          minmay_statues_item, uniq_blork_the_orc
D:7:      minmay_angry_zag, layout_basic, eino_small_chamber_without_monster
D:8:      layout_layer_cave, grunt_lair_entry_orc_guard_hut,
          nicolae_shop_overcharged_wands, uniq_maggie
D:9:      layout_basic, fedhas_altar_1, serial_ice, serial_ice_e, serial_ice_c,
          serial_ice_i, serial_ice_a, minmay_misc_feat_five,
          minmay_crystal_water, grunt_ministairs_2, minivault_25_ag

Skill      XL: |  1  2  3  4  5  6  7  8  9 10 |
---------------+-------------------------------+-----
Dodging        | 2 3 |  3.3
Stealth        | 2 3 |  3.4
Fighting       | 1 2 3 4 5 6 |  6.7
Spellcasting   | 3 4 5 6 7 |  7.7
Axes           | 1 2 4 5 |  5.9
Conjurations   | 5 6 7 8 9 |  9.0
Translocations | 1 2 3 4 5 |  5.0
Hexes          | 2 3 |  3.6
Earth Magic    | 3 |  3.7
Necromancy     | 3 |  3.7

Action                   |  1- 3 |  4- 6 |  7- 9 | 10-12 || total
-------------------------+-------+-------+-------+-------++-------
Melee: Hand axe          |    43 |       |     7 |    17 ||    67
       Tailslap          |       |       |     2 |       ||     2
 Cast: Magic Dart        |    52 |    38 |    45 |    35 ||   170
       Foxfire           |     1 |    23 |    51 |     9 ||    84
       Searing Ray       |     1 |     7 |    44 |    18 ||    70
       Fulminant Prism   |       |       |    19 |    37 ||    56
       Blink             |       |       |     2 |     2 ||     4
       Borgnjor's Vile C |       |       |       |     4 ||     4
       Iskenderun's Myst |       |       |       |     3 ||     3
       Sublimation of Bl |       |       |       |     2 ||     2
Invok: Curse Item        |     3 |     1 |     1 |     2 ||     7
       Shatter the Chain |       |       |       |     1 ||     1
 Abil: Breathe Acid      |       |       |     1 |       ||     1
Evoke: Wand              |       |       |       |     7 ||     7
  Use: Potion            |       |       |       |     2 ||     2
 Stab: Distracted        |       |       |       |     1 ||     1
Armor: Skin              |    19 |     2 |    16 |    19 ||    56
Dodge: Dodged            |    30 |     3 |    29 |    48 ||   110

Table legend: (Time is in decaauts)
 A = Elapsed time spent in this place.
 B = Non-inter-level travel time spent in this place.
 C = Inter-level travel time spent in this place.
 D = Time resting spent in this place.
 E = Time spent auto-exploring this place.
 F = Levels seen in this place.
 G = Mean time per level.
                   A        B        C        D        E       F      G
               +--------+--------+--------+--------+--------+-----+--------+
         Total |   9019 |   8694 |    325 |    512 |   6515 |   9 | 1002.1 |
       Dungeon |   9019 |   8694 |    325 |    512 |   6515 |   9 | 1002.1 |
               +--------+--------+--------+--------+--------+-----+--------+

Top non-repeatable levels by time:
     D:1: 1769 daAuts
     D:8: 1488 daAuts
     D:6: 1406 daAuts
     D:4: 981 daAuts
     D:2: 890 daAuts
     D:7: 819 daAuts
     D:3: 818 daAuts
     D:5: 591 daAuts
     D:9: 254 daAuts
